 Dungeon Crawl Stone Soup version 0.21.1-1-g345015f (webtiles) character file.

124546 diana the Fencer (level 16, -4/130 HPs)
             Began as a Demonspawn Gladiator on June 4, 2018.
             Was the Champion of Dithmenos.
             Slain by an acid blob (16 damage)
             ... on level 2 of the Pits of Slime on June 5, 2018.
             The game lasted 01:50:20 (33541 turns).

diana the Fencer (Demonspawn Gladiator)            Turns: 33541, Time: 01:50:21

Health: -4/130     AC: 11    Str: 21    XL:     16   Next: 39%
Magic:  0/26       EV: 21    Int: 12    God:    Dithmenos [******]
Gold:   1286       SH:  0    Dex: 27    Spells: 15/15 levels left

rFire    + + .     SeeInvis +   q - +1 long sword (pain)
rCold    . . .     Gourm    .   (no shield)
rNeg     . . .     Faith    .   c - +6 scale mail of Baogaff {rCorr Dex+3 Stlth+}
rPois    +         Spirit   +   a - +2 helmet {SInv}
rElec    .         Reflect  .   k - scarf {repulsion}
rCorr    +         Harm     .   (no gloves)
MR       +....                  p - +2 pair of boots
Stlth    +++.......             o - amulet "Ydysoco" {*Slow rF+ Regen+ Dex+2 Slay+3}
HPRegen  0.71/turn              b - +3 ring of strength
MPRegen  0.40/turn              Z - +5 ring of strength

@: confused, brilliant, corroded, sanguine armour, very slightly contaminated,
wreathed by umbra, invisible, repel missiles
A: talons 1, dopey 1, fire resistance 1, poison resistance, spiny 2, weak 1,
magic shield, magic regeneration, sanguine armour 2
a: Shadow Step, Shadow Form, Renounce Religion


You were on level 2 of the Pits of Slime.
You worshipped Dithmenos.
Dithmenos was exalted by your worship.
You were very hungry.

You visited 5 branches of the dungeon, and saw 27 of its levels.

You collected 2273 gold pieces.
You spent 987 gold pieces at shops.

Inventory:

Hand Weapons
 q - a +1 long sword of pain (weapon)
 O - a +2 dagger of draining
Missiles
 M - a throwing net (quivered)
Armour
 a - a +2 helmet of see invisible (worn)
 c - the +6 scale mail of Baogaff (worn) {rCorr Dex+3 Stlth+}
   (You bought it in a shop on level 2 of the Orcish Mines)

   It affects your dexterity (+3).
   It protects you from acid and corrosion.
   It makes you more stealthy.
 k - a scarf of repulsion (worn)
 p - a +2 pair of boots (worn)
Jewellery
 b - a +3 ring of strength (left hand)
 o - the amulet "Ydysoco" (around neck) {*Slow rF+ Regen+ Dex+2 Slay+3}
   (You found it on level 3 of the Lair of Beasts)

   [amulet of regeneration]

   It affects your dexterity (+2).
   It affects your accuracy and damage with ranged weapons and melee attacks
   (+3).
   It protects you from fire.
   It increases your rate of regeneration.
   It may slow you when you take damage.
 Z - a +5 ring of strength (right hand)
Wands
 y - a wand of polymorph (34)
 E - a wand of iceblast (3)
 H - a wand of paralysis (21)
 X - a wand of acid (6)
 Y - a wand of disintegration (1)
Scrolls
 i - 4 scrolls of enchant weapon
 j - 9 scrolls of fog
 l - 4 scrolls of amnesia
 m - 3 scrolls of random uselessness {unknown}
 n - 4 scrolls of teleportation
 u - 12 scrolls of remove curse
 w - 2 scrolls of magic mapping {unknown}
 z - a scroll of brand weapon {unknown}
 B - 5 scrolls of blinking {unknown}
 I - 4 scrolls of torment {unknown}
 J - a scroll of fear {unknown}
 P - a scroll of enchant armour {unknown}
 Q - a scroll of holy word {unknown}
 R - 2 scrolls of vulnerability {unknown}
 T - 3 scrolls of silence {unknown}
 U - a scroll of noise {unknown}
Potions
 r - 2 potions of agility
 s - 3 potions of haste
 v - 3 potions of flight
 A - 2 potions of magic
 D - 3 potions of mutation
 K - 3 potions of invisibility
 V - 2 potions of brilliance
Books
 e - a book of Debilitation

   Spells                             Type                      Level
   a - Corona                         Hexes                        1
   b - Slow                           Hexes                        2
   c - Inner Flame                    Hexes/Fire                   3
   d - Portal Projectile              Hexes/Translocation          3
   e - Cause Fear                     Hexes                        4
   f - Leda's Liquefaction            Hexes/Earth                  4
Miscellaneous
 W - a lightning rod (4/4)
Comestibles
 f - 30 rations


   Skills:
 + Level 13.0 Fighting
 * Level 16.2 Long Blades
 - Level 1.7 Throwing
 + Level 12.1 Dodging
 + Level 11.1 Stealth
 + Level 14.1 Invocations


You had 15 spell levels left.
You didn't know any spells.

Dungeon Overview and Level Annotations

Branches:
Dungeon (15/15)            Temple (1/1) D:4            Lair (6/6) D:10
  Swamp (0/4) Lair:2       Spider (0/4) Lair:3        Slime (3/5) Lair:6
    Orc (2/2) D:11            Elf (0/3) Orc:2        Vaults (0/5) D:13
 Depths (0/5) D:15

Altars:
Ashenzari
Cheibriados
Dithmenos
Elyvilon
Fedhas
Gozag
Hepliaklqana
Kikubaaqudgha
Makhleb
Nemelex Xobeh
Okawaru
Qazlal
Ru
Sif Muna
Trog
Uskayaw
Vehumet
Wu Jian
Xom
Yredelemnul
Zin
The Shining One
Jiyva

Shops:
D:2 *   D:5 (   Orc:2 [}!?

Portals:
Hell: Lair:6
Pandemonium: Orc:2

Annotations:
Lair:6 Rekenzichi's ghost, journeyman MiFi


Innate Abilities, Weirdness & Mutations

You have sharp toenails.
You are mostly covered in sharp spines.
When hurt, damage is shared between your health and your magic reserves.
You regenerate magic rapidly.
When seriously injured, your bleeding wounds create thick armour. (AC +9)
You are dopey. (Int -2)
Your flesh is heat resistant. (rF+)
Your system is resistant to poisons. (rPois)
You are weak. (Str -2)


Message History

* * * LOW HITPOINT WARNING * * *
The acid corrodes you!
You are splashed with acid!
The acid burns!
You resist.
* * * LOW HITPOINT WARNING * * *
The golden eye blinks at you.
You are more confused.
The acid blob is struck by your spines. The acid blob misses you.
The golden eye blinks at you. You resist with some effort.
The golden eye blinks at you.
You are more confused.
The acid blob spits acid at you. The splash of acid hits you! You resist.
You are splashed with acid!
The acid burns!
You resist.
* * * LOW HITPOINT WARNING * * *
You are splashed with acid!
The wall burns you! You resist.
* * * LOW HITPOINT WARNING * * *
The golden eye blinks at you.
You are more confused.
The acid blob is struck by your spines. The acid blob hits you!!
You die...

##.........#.............# .#
#..........#............##...
##.##...........#.#..#......
###...........#........#
##....................####
#......................#.##
##........>.......#.......#
#.......................##
##............@....#.....#
#.............JG....##..##
##...............#.######
#....#..........#.##
##.................#
##.##.......<..#.##
####...##........#
##.##......#.## ####.......##


You could see an acid blob and a golden eye.

Vanquished Creatures
  3 acid blobs
  Agnes (D:15)
  An azure jelly (Slime:1)
  An orc warlord (D:13)
  A stone giant (Orc:1)
  Nessos (D:13)
  The ghost of emiel the Cleaver, a journeyman FoWn of Cheibriados (Orc:2)
  7 hydras
  A great orb of eyes (Lair:6)
  3 vault guards (D:13)
  2 ice dragons (D:15)
  2 catoblepae
  2 death knights
  7 centaur warriors
  6 two-headed ogres
  A tengu warrior (D:10)
  6 orc high priests (Orc:2)
  A soul eater (Orc:2)
  35 slime creatures
  2 unseen horrors
  3 infernal demonspawn (Orc:2)
  A gelid demonspawn (Orc:2)
  8 wizards
  9 orc knights
  A necromancer (D:13)
  2 phantasmal warriors (D:13)
  Pikel (D:6)
  4 manticores
  7 orc sorcerers
  3 deep elf magi
  5 cyclopes
  19 elephants
  8 black mambas
  2 torpor snails
  A guardian serpent (shapeshifter) (D:13)
  14 spiny frogs
  A gargoyle (D:10)
  3 orange demons
  A yaktaur (D:13)
  5 rime drakes
  A kobold demonologist (D:14)
  3 freezing wraiths
  5 komodo dragons
  2 ice devils
  2 red devils (Lair:6)
  2 hellwings
  8 trolls
  A queen bee (D:11)
  A polar bear (Lair:6)
  Grinder (D:5)
  A jumping spider (shapeshifter) (D:13)
  5 meliai
  Prince Ribbit (D:5)
  6 dream sheep
  14 blink frogs
  7 hippogriffs
  A meliai zombie (D:13)
  A shadow (D:13)
  2 redbacks (Lair:3)
  3 wyverns
  4 wraiths
  68 yaks
  17 humans (D:13)
  3 basilisks
  Grum (D:8)
  A hungry ghost (D:14)
  7 golden eyes (Slime:2)
  A neqoxec (Orc:2)
  3 vampire mosquitoes (D:12)
  6 swamp worms (Lair:2)
  5 wargs
  An acid dragon (D:10)
  9 porcupines
  14 water moccasins
  4 hell hounds (Lair:6)
  2 black bears
  27 orc warriors
  A phantom (D:4)
  3 eyes of draining
  6 sky beasts
  12 ogres
  13 wolves
  12 crocodiles
  11 centaurs
  7 big kobolds
  23 bullfrogs
  3 gnoll sergeants
  A water moccasin skeleton (D:7)
  3 scorpions
  18 killer bees
  7 wights
  2 electric eels
  A howler monkey (D:4)
  3 centaur zombies
  5 crimson imps
  6 jellies
  A quasit (D:7)
  2 bullfrog zombies (D:12)
  3 hounds
  27 orc priests
  A bullfrog skeleton (D:10)
  3 centaur skeletons
  5 iguanas
  23 orc wizards
  5 worker ants
  7 hell rats
  A hound zombie (D:7)
  A hound skeleton (D:9)
  9 gnolls
  A howler monkey zombie (D:6)
  12 adders
  3 shadow imps
  2 adder zombies (D:9)
  4 worms
  4 dart slugs
  5 leopard geckos
  125 orcs
  2 ball pythons
  9 bats
  6 giant cockroaches
  11 goblins
  5 hobgoblins
  18 jackals
  6 quokkas
  4 frilled lizards
  A giant cockroach zombie (D:5)
  14 kobolds
  3 rats
  A fungus (Lair:6)
883 creatures vanquished.

Vanquished Creatures (others)
  A golden eye (Slime:3)
  2 humans (D:13)
  A slave (D:6)
  An eye of draining (D:14)
  2 centaurs (D:14)
  A worker ant (D:14)
  A leopard gecko (D:6)
  5 fungi
  8 plants (Lair:6)
22 creatures vanquished.

Grand Total: 905 creatures vanquished

Notes
Turn   | Place    | Note
-------+----------+-------------------------------------------
     0 | D:1      | diana the Demonspawn Gladiator began the quest for the Orb.
     0 | D:1      | Reached XP level 1. HP: 16/16 MP: 1/1
     3 | D:1      | Noticed an electric eel
     3 | D:1      | Noticed an electric eel
   162 | D:1      | Reached skill level 3 in Long Blades
   201 | D:1      | Gained mutation: When seriously injured, your bleeding wounds create armour. (AC +9) [demonic ancestry]
   201 | D:1      | Reached XP level 2. HP: 22/22 MP: 2/2
   839 | D:2      | Reached XP level 3. HP: 25/28 MP: 3/3
   853 | D:2      | Found an opulent altar of Gozag.
   855 | D:2      | Found Gozag's Platinum Reserve.
  1329 | D:2      | Gained mutation: You are partially covered in sharp spines. [demonic ancestry]
  1329 | D:2      | Reached XP level 4. HP: 21/34 MP: 4/4
  1346 | D:2      | Found a stormy altar of Qazlal.
  1346 | D:2      | Found a hazy altar of Hepliaklqana.
  1901 | D:3      | Reached skill level 4 in Long Blades
  2319 | D:4      | Reached XP level 5. HP: 35/41 MP: 5/5
  2445 | D:4      | Noticed a phantom
  2446 | D:4      | Found a staircase to the Ecumenical Temple.
  2457 | Temple   | Entered the Ecumenical Temple
  2676 | Temple   | Became a worshipper of Dithmenos the Shadowed
  2764 | D:4      | Killed a phantom
  2764 | D:4      | Gained mutation: When seriously injured, your bleeding wounds create thick armour. (AC +9) [demonic ancestry]
  2764 | D:4      | Reached XP level 6. HP: 18/47 MP: 6/6
  2962 | D:4      | Reached skill level 5 in Long Blades
  3280 | D:4      | Reached * piety under Dithmenos
  3679 | D:5      | Entered Level 5 of the Dungeon
  3679 | D:5      | Noticed Prince Ribbit
  3691 | D:5      | Gained mutation: You have sharp toenails. [demonic ancestry]
  3691 | D:5      | Reached XP level 7. HP: 54/54 MP: 7/7
  3703 | D:5      | Killed Prince Ribbit
  3703 | D:5      | Reached skill level 6 in Long Blades
  3827 | D:5      | Noticed Grinder
  3847 | D:5      | Killed Grinder
  3924 | D:5      | Found Diwepsy's Weapon Shop.
  3984 | D:5      | Reached skill level 5 in Fighting
  3984 | D:5      | Reached skill level 5 in Dodging
  3984 | D:5      | Reached XP level 8. HP: 51/62 MP: 8/8
  4584 | D:6      | Reached skill level 7 in Long Blades
  4841 | D:6      | Reached ** piety under Dithmenos
  4881 | D:6      | Noticed Pikel
  4896 | D:6      | Killed Pikel
  4896 | D:6      | Reached skill level 8 in Long Blades
  4913 | D:6      | Found a stormy altar of Qazlal.
  5084 | D:6      | Found a shattered altar of Ashenzari.
  5608 | D:7      | Reached XP level 9. HP: 67/69 MP: 9/9
  5934 | D:7      | Reached *** piety under Dithmenos
  6161 | D:7      | Reached skill level 9 in Long Blades
  6719 | D:8      | Reached skill level 1 in Invocations
  6889 | D:8      | Noticed a two-headed ogre
  6930 | D:8      | Killed a two-headed ogre
  6930 | D:8      | Reached skill level 1 in Stealth
  6930 | D:8      | Gained mutation: You are mostly covered in sharp spines. [demonic ancestry]
  6930 | D:8      | Reached XP level 10. HP: 23/79 MP: 9/11
  6972 | D:8      | Noticed Grum
  7156 | D:8      | Noticed a two-headed ogre
  7403 | D:10     | Entered Level 10 of the Dungeon
  7467 | D:9      | Found a blossoming altar of Fedhas.
  7611 | D:9      | Reached skill level 10 in Long Blades
  7973 | D:9      | Found an ornate altar of the Wu Jian Council.
  7976 | D:9      | Found an iron altar of Okawaru.
  7979 | D:9      | Found an ancient bone altar of Kikubaaqudgha.
  8101 | D:10     | Noticed a gargoyle
  8379 | D:8      | Killed a two-headed ogre
  8433 | D:8      | Killed Grum
  8679 | D:10     | Noticed a tengu warrior
  8728 | D:10     | Killed a tengu warrior
  8984 | D:10     | Reached skill level 5 in Invocations
  9256 | D:10     | Reached XP level 11. HP: 85/86 MP: 13/15
  9274 | D:10     | Reached **** piety under Dithmenos
  9502 | D:10     | Killed an unseen horror
  9874 | D:10     | Reached skill level 11 in Long Blades
  9925 | D:10     | Found a staircase to the Lair.
 10019 | D:10     | Noticed a two-headed ogre
 10063 | D:10     | Killed a two-headed ogre
 10404 | D:11     | Found a staircase to the Orcish Mines.
 10583 | D:11     | Killed an unseen horror
 10583 | D:11     | Reached skill level 5 in Stealth
 11147 | D:11     | Reached ***** piety under Dithmenos
 11184 | D:11     | Noticed a deep elf mage
 11188 | D:11     | Killed a deep elf mage
 11790 | D:12     | Noticed a wizard
 11802 | D:12     | Killed a wizard
 11802 | D:12     | Gained mutation: When hurt, damage is shared between your health and your magic reserves. [demonic ancestry]
 11802 | D:12     | Reached XP level 12. HP: 92/95 MP: 17/17
 11926 | D:12     | Reached skill level 12 in Long Blades
 12533 | D:12     | Noticed a two-headed ogre
 12579 | D:12     | Killed a two-headed ogre
 13185 | D:13     | Reached ****** piety under Dithmenos
 13204 | D:13     | Noticed a death knight
 13698 | Lair:1   | Entered Level 1 of the Lair of Beasts
 13803 | Lair:1   | Reached skill level 10 in Fighting
 14383 | Lair:1   | Found a hazy altar of Hepliaklqana.
 15002 | Lair:2   | Found a blossoming altar of Fedhas.
 15283 | Lair:2   | Reached XP level 13. HP: 40/103 MP: 9/20
 15736 | Lair:2   | Found a staircase to the Swamp.
 16089 | Lair:2   | Reached skill level 13 in Long Blades
 16264 | Lair:3   | Reached skill level 10 in Invocations
 16965 | Lair:3   | Found a hole to the Spider Nest.
 18376 | Lair:4   | Reached skill level 10 in Dodging
 18811 | Lair:3   | HP: 2/104 [catoblepas (30)]
 19026 | Lair:3   | Got a flickering graven amulet
 19027 | Lair:3   | Identified the amulet "Ydysoco" {*Slow rF+ Regen+ Dex+2 Slay+3} (You found it on level 3 of the Lair of Beasts)
 20817 | Lair:6   | Entered Level 6 of the Lair of Beasts
 20830 | Lair:5   | Gained mutation: You regenerate magic rapidly. [demonic ancestry]
 20830 | Lair:5   | Reached XP level 14. HP: 54/113 MP: 11/22
 21175 | Lair:5   | Reached skill level 14 in Long Blades
 21502 | Lair:6   | Noticed Rekenzichi's ghost (journeyman MiFi)
 21945 | Lair:6   | Found a basalt altar of Yredelemnul.
 22555 | Lair:6   | Found a staircase to the Slime Pits.
 22555 | Lair:6   | Found a viscous altar of Jiyva.
 22838 | Lair:6   | Found a burning altar of Makhleb.
 23336 | Lair:6   | Found a gateway to Hell.
 24202 | D:13     | Noticed Nessos
 24251 | D:13     | Killed Nessos
 24552 | D:13     | Reached XP level 15. HP: 100/120 MP: 19/24
 24589 | D:13     | Found a gate to the Vaults.
 24743 | D:13     | Noticed an orc warlord
 24775 | D:13     | Killed an orc warlord
 24776 | D:13     | Reached skill level 15 in Long Blades
 25129 | D:13     | Reached skill level 10 in Stealth
 25342 | D:14     | Noticed Agnes
 25492 | D:14     | Found a shimmering altar of Xom.
 26240 | D:15     | Entered Level 15 of the Dungeon
 26343 | Orc:1    | Entered Level 1 of the Orcish Mines
 26416 | Orc:2    | Entered Level 2 of the Orcish Mines
 26420 | Orc:2    | Found a staircase to the Elven Halls.
 26543 | Orc:2    | Noticed emiel's ghost (journeyman FoWn)
 26982 | Orc:2    | Killed emiel's ghost
 27430 | Orc:2    | Found Panwoimn's Magic Scroll Shop.
 27432 | Orc:2    | Found Becaxtua's Distillery.
 27742 | Orc:2    | Bought a potion of curing for 36 gold pieces
 27742 | Orc:2    | Bought 2 potions of curing for 72 gold pieces
 27742 | Orc:2    | Bought 2 potions of agility for 96 gold pieces
 27742 | Orc:2    | Bought a potion of curing for 36 gold pieces
 27742 | Orc:2    | Bought a potion of lignification for 36 gold pieces
 27742 | Orc:2    | Bought a potion of curing for 36 gold pieces
 27742 | Orc:2    | Bought a potion of curing for 36 gold pieces
 27742 | Orc:2    | Bought a potion of heal wounds for 60 gold pieces
 27742 | Orc:2    | Bought a potion of curing for 36 gold pieces
 27742 | Orc:2    | Bought a potion of agility for 48 gold pieces
 28569 | Orc:2    | HP: 5/122 [infernal demonspawn/halberd (6)]
 28580 | Orc:2    | HP: 3/183 [infernal demonspawn/halberd (7)]
 28587 | Orc:2    | HP: 5/183 [infernal demonspawn/halberd (2)]
 28587 | Orc:2    | HP: 1/183 [infernal demonspawn/halberd (4)]
 28905 | Orc:2    | Found Nummeb's Antique Armour Shoppe.
 28905 | Orc:2    | Found a one-way gate leading to the halls of Pandemonium.
 28905 | Orc:2    | Found Heaphy Rair's Gadget Emporium.
 28915 | Orc:2    | Bought a runed helmet for 225 gold pieces
 28926 | Orc:2    | Bought an encrusted scale mail for 270 gold pieces
 28936 | Orc:2    | Identified the +6 scale mail of Baogaff {rCorr Dex+3 Stlth+} (You bought it in a shop on level 2 of the Orcish Mines)
 29708 | D:15     | Found a staircase to the Depths.
 29983 | D:15     | Reached XP level 16. HP: 91/129 MP: 20/26
 30213 | D:15     | Killed Agnes
 31681 | Slime:1  | Entered Level 1 of the Pits of Slime
 31701 | Lair:6   | Reached skill level 16 in Long Blades
 31767 | Slime:1  | Paralysed by a great orb of eyes for 3 turns
 31770 | Slime:1  | Noticed an acid blob
 31779 | Lair:6   | Paralysed by a great orb of eyes for 5 turns
 31965 | Slime:1  | Killed an acid blob
 32188 | Slime:1  | Noticed an acid blob
 32240 | Slime:1  | Killed an acid blob
 33007 | Slime:3  | Noticed an acid blob
 33404 | Slime:3  | Noticed an acid blob
 33421 | Slime:2  | Killed an acid blob
 33524 | Slime:2  | Gained mutation: You are weak. (Str -2) [potion of mutation]
 33524 | Slime:2  | Gained mutation: Your system is resistant to poisons. (rPois) [potion of mutation]
 33524 | Slime:2  | Gained mutation: You are dopey. (Int -2) [potion of mutation]
 33524 | Slime:2  | Gained mutation: Your flesh is heat resistant. (rF+) [potion of mutation]
 33541 | Slime:2  | Slain by an acid blob

Skill      XL: |  1  2  3  4  5  6  7  8  9 10 11 12 13 14 15 16 |
---------------+-------------------------------------------------+-----
Long Blades    | 3 4 5 6 8 9 10 11 12 13 14 15 16 | 16.2
Dodging        | 3 4 5 7 8 9 10 11 12 | 12.1
Fighting       | 3 4 5 6 7 8 9 10 11 12 13 | 13.0
Invocations    | 2 5 7 9 11 12 13 14 | 14.1
Stealth        | 1 3 5 7 8 9 10 11 | 11.1
Throwing       | |  1.7

Action                   |  1- 3 |  4- 6 |  7- 9 | 10-12 | 13-15 | 16-18 || total
-------------------------+-------+-------+-------+-------+-------+-------++-------
Melee: Long sword        |   107 |   151 |   255 |   818 |   621 |   227 ||  2179
       Unarmed           |       |       |     9 |       |       |       ||     9
       Dagger            |       |       |       |    90 |   334 |       ||   424
       Great sword       |       |       |       |       |   557 |    30 ||   587
Throw: Throwing net      |       |       |     1 |     5 |       |       ||     6
Invok: Shadow Step       |       |       |     1 |       |       |       ||     1
       Shadow Form       |       |       |       |       |     3 |       ||     3
Evoke: Wand              |       |       |     6 |    17 |    21 |     1 ||    45
       Lightning rod     |       |       |       |       |     4 |       ||     4
  Use: Scroll            |       |       |     2 |     3 |    19 |     1 ||    25
       Potion            |       |       |       |     5 |    31 |    10 ||    46
 Stab: Distracted        |     1 |       |     1 |     1 |     8 |       ||    11
       Sleeping          |       |     1 |     6 |    33 |    57 |     5 ||   102
       Confused          |       |       |     1 |       |       |       ||     1
       Held in net/web   |       |       |     1 |     3 |       |       ||     4
       Paralysed         |       |       |       |     5 |       |       ||     5
       Invisible         |       |       |       |       |    29 |       ||    29
       Petrified         |       |       |       |       |     7 |       ||     7
  Eat: Chunk             |     2 |     7 |     7 |    21 |    39 |     3 ||    79
       Ration            |       |       |     1 |     2 |     3 |     2 ||     8
Armor: Leather armour    |    32 |    31 |    52 |   120 |   232 |       ||   467
       Scale mail        |       |       |       |       |    19 |    68 ||    87
       Skin              |       |       |       |       |     5 |     5 ||    10
Dodge: Dodged            |    86 |    95 |   213 |   645 |  1565 |   209 ||  2813
       Deflected         |       |     3 |     3 |     6 |    23 |    15 ||    50
       Rpst.: Long sword |    23 |    24 |    43 |   145 |   180 |    37 ||   452
       Great sword       |       |       |       |       |   118 |     5 ||   123
